 Seeded DCSS version 0.29-a0-559-g359e09b9d1 (webtiles) character file.

Game seed: 20220606 (custom seed)

2670 nrs142 the Cleaver (level 9, -3/82 HPs)
             Began as a Minotaur Monk on June 9, 2022.
             Was an Initiate of Uskayaw.
             Slain by an orc warrior
             ... wielding a +0 glaive
              (11 damage)
             ... on level 7 of the Dungeon.
             The game lasted 00:10:35 (8975 turns).

nrs142 the Cleaver (Minotaur Monk)                  Turns: 8975, Time: 00:10:35

Health: -3/82      AC:  9    Str: 21    XL:     9   Next: 37%
Magic:  8/8        EV: 10    Int:  7    God:    Uskayaw [......]
Gold:   475        SH:  0    Dex: 12    Spells: 8/8 levels left

rFire   . . .      SeeInvis .   f - +0 broad axe
rCold   . . .      Faith    .   (no shield)
rNeg    . . .      Spirit   .   e - +0 chain mail
rPois   .          Reflect  .   (helmet restricted)
rElec   .          Harm     .   o - scarf {+Inv}
rCorr   .          Rampage  .   i - +0 pair of gloves
Will    .....                   (no boots)
Stlth   ..........              n - amulet of magic regeneration
HPRegen 0.23/turn               (no ring)
MPRegen 0.51/turn               (no ring)

@: no status effects
A: horns 2, retaliatory headbutt
a: Renounce Religion, Evoke Invisibility


You were on level 7 of the Dungeon.
You worshipped Uskayaw.
Uskayaw was noncommittal.
You visited 1 branch of the dungeon, and saw 8 of its levels.

You collected 475 gold pieces.

Inventory:

Hand Weapons
 f - a +0 broad axe (weapon)
Armour
 e - a +0 chain mail (worn)
 i - a +0 pair of gloves (worn)
 o - a scarf of invisibility (worn)
Jewellery
 n - an amulet of magic regeneration (around neck)
Wands
 B - a wand of flame (20)
Scrolls
 a - 7 scrolls of teleportation
 b - 12 scrolls of identify {unknown}
 d - a scroll of noise {unknown}
 g - 2 scrolls of fear {unknown}
 h - a scroll of silence {unknown}
 m - a scroll of enchant weapon {unknown}
 p - 2 scrolls of poison {unknown}
 s - 2 scrolls of immolation {unknown}
 y - a scroll of magic mapping {unknown}
 C - a scroll of fog {unknown}
Potions
 c - a potion of ambrosia
 j - 2 potions of lignification {unknown}
 k - 3 potions of might {unknown}
 l - 2 potions of brilliance {unknown}
 q - 2 potions of berserk rage {unknown}
 t - 6 potions of heal wounds {unknown}
 u - a potion of cancellation {unknown}
 v - a potion of mutation {unknown}
 w - a potion of invisibility {unknown}
 x - a potion of flight {unknown}
 z - a potion of resistance {unknown}
 A - 2 potions of haste {unknown}
 D - a potion of magic {unknown}


   Skills:
 + Level 8.5 Fighting
 + Level 8.5 Axes
 + Level 7.8 Dodging
 + Level 6.0 Stealth


You had 8 spell levels left.
You didn't know any spells.
Your spell library contained the following spells:

 Spells                   Type           Power      Damage    Failure   Level
 Slow                     Hex            0%         N/A       99%         1
 Ensorcelled Hibernation  Hex/Ice        0%         N/A       100%        2
 Passwall                 Tmut/Erth      0%         N/A       100%        2
 Confusing Touch          Hex            0%         N/A       100%        3
 Swiftness                Air            0%         N/A       100%        3
 Vampiric Draining        Necr           0%         2d6       100%        3
 Yara's Violent Unravell  Hex/Tmut       0%         3d3       100%        5
 Enfeeble                 Hex            0%         N/A       100%        7


Dungeon Overview and Level Annotations

Branches:
Dungeon (8/15)             Temple (0/1) D:4
   Lair: D:8-11

Altars:
Ashenzari
Elyvilon
Kikubaaqudgha
Makhleb
Okawaru
Uskayaw
Wu Jian
Beogh

Shops:
D:3 (

Annotations:
D:5 2 transporters


Innate Abilities, Weirdness & Mutations

You have a pair of horns on your head.
You reflexively headbutt those who attack you in melee.


Message History

The orc warrior hits you with a +0 glaive!
You climb upwards.
There is a stone staircase leading down here.
You closely miss the orc warrior. You headbutt the orc warrior.
The orc warrior is lightly wounded.
The orc warrior hits you with a +0 glaive!
You completely miss the orc warrior. You headbutt the orc warrior.
The orc warrior is moderately wounded.
The orc warrior hits you with a +0 glaive.
You barely miss the orc warrior.
The orc warrior is moderately wounded.
The orc warrior hits you with a +0 glaive!
The orc warrior hits you with a +0 glaive.
You feel better. The orc warrior closely misses you.
You hit the orc warrior but do no damage.
The orc warrior is moderately wounded.
The orc warrior hits you with a +0 glaive!
* * * LOW HITPOINT WARNING * * *
You feel better.
The orc warrior hits you with a +0 glaive.
* * * LOW HITPOINT WARNING * * *
You hit the orc warrior but do no damage.
The orc warrior is moderately wounded.
The orc warrior hits you with a +0 glaive.
* * * LOW HITPOINT WARNING * * *
You closely miss the orc warrior.
The orc warrior is moderately wounded.
The orc warrior completely misses you.
You hit the orc warrior but do no damage.
The orc warrior is moderately wounded.
The orc warrior hits you with a +0 glaive!
* * * LOW HITPOINT WARNING * * *
Unknown command.
You feel better.
The orc warrior hits you with a +0 glaive!
* * * LOW HITPOINT WARNING * * *
You closely miss the orc warrior. Your punch misses the orc warrior.
The orc warrior is moderately wounded.
The orc warrior hits you with a +0 glaive!
You die...

...####...# ##...### ##..
#...##...## #..## #... #.......##
##..# ##... .........#####...##
#.... ...........##.....# ##..##
..................## ##...##
...................## #...##
....................#######..##
................@...........##
................o...........#
............................##
.....###.....................####
.....##.......................#..
.................#...............
.......##.....####.....#######...
.....####.....# #......# #...
....## ##....###..##..# #...


You could see an orc warrior.

Vanquished Creatures
  A kobold demonologist (D:6)
  A troll (D:6)
  2 water moccasins
  2 black bears
  2 sky beasts (D:7)
  3 ogres
  A phantom (D:5)
  Blork the orc (D:5)
  2 bullfrogs
  A scorpion (D:6)
  7 killer bees (D:7)
  A howler monkey (D:3)
  2 hounds
  2 gnoll shamans
  An orc priest (D:7)
  An iguana (D:6)
  4 orc wizards
  Robin (D:3)
  15 gnolls
  14 adders
  2 shadow imps
  A white imp (D:6)
  2 ufetubi (D:6)
  3 worms
  3 dart slugs
  16 orcs
  5 endoplasms
  2 giant cockroaches
  17 goblins
  6 hobgoblins
  2 quokkas
  4 ball pythons
  3 bats
  A frilled lizard (D:1)
  5 kobolds
  6 rats
142 creatures vanquished.

Notes
Turn   | Place    | Note
-------+----------+-------------------------------------------
     0 | D:1      | nrs142 the Minotaur Monk began the quest for the Orb.
     0 | D:1      | Reached XP level 1. HP: 19/19 MP: 0/0
   159 | D:1      | You fall into a shaft and drop 1 floor!
   364 | D:1      | Reached XP level 2. HP: 27/27 MP: 1/1
   606 | D:1      | Found a faded altar of an unknown god.
   610 | D:1      | Prayed at the altar of an unknown god.
   610 | D:1      | Became a worshipper of Uskayaw the Reveller
   610 | D:1      | Reached * piety under Uskayaw
   610 | D:1      | Reached ** piety under Uskayaw
   994 | D:2      | Reached XP level 3. HP: 27/33 MP: 2/2
  1338 | D:2      | Reached *** piety under Uskayaw
  1552 | D:3      | Reached XP level 4. HP: 41/41 MP: 3/3
  1906 | D:3      | Reached XP level 5. HP: 47/47 MP: 4/4
  1975 | D:3      | Found Watic Nimeh's Weapon Shoppe.
  1977 | D:3      | Noticed Robin
  1987 | D:3      | Killed Robin
  2658 | D:4      | Found a staircase to the Ecumenical Temple.
  2690 | D:4      | Reached skill level 5 in Fighting
  2876 | D:4      | Reached skill level 5 in Axes
  3010 | D:4      | Found a broken altar of Ashenzari.
  3161 | D:4      | Reached XP level 6. HP: 56/56 MP: 5/5
  3193 | D:5      | Entered Level 5 of the Dungeon
  3255 | D:5      | Found a transporter.
  3272 | D:5      | Found a transporter.
  3611 | D:5      | Reached skill level 5 in Dodging
  3758 | D:5      | Noticed a +0 spear
  3758 | D:5      | Noticed a +0 falchion
  3766 | D:5      | Found a hide-covered altar of Uskayaw.
  3766 | D:5      | Noticed a +0 dagger
  3766 | D:5      | Noticed a +0 dagger
  3767 | D:5      | Noticed a +0 spear
  3767 | D:5      | Noticed a +0 short sword
  3768 | D:5      | Noticed a +0 short sword
  3771 | D:5      | Noticed a +0 falchion
  3798 | D:5      | HP: 1/57 [gnoll/+0 halberd (4)]
  3799 | D:5      | Reached XP level 7. HP: 1/62 MP: 1/6
  4122 | D:5      | Noticed Blork the orc
  4127 | D:5      | Killed Blork the orc
  4669 | D:5      | Reached **** piety under Uskayaw
  5255 | D:6      | Noticed a troll
  5263 | D:6      | Killed a troll
  5264 | D:6      | Reached XP level 8. HP: 12/71 MP: 7/7
  5853 | D:6      | Noticed a kobold demonologist
  5861 | D:6      | Killed a kobold demonologist
  5862 | D:6      | Reached skill level 5 in Stealth
  6463 | D:6      | Found an ancient bone altar of Kikubaaqudgha.
  6466 | D:6      | Found an iron altar of Okawaru.
  6562 | D:6      | Found a white marble altar of Elyvilon.
  6562 | D:6      | Found a burning altar of Makhleb.
  6696 | D:7      | Found an ornate altar of the Wu Jian Council.
  6824 | D:7      | Found a flagged portal.
  7191 | D:7      | Reached XP level 9. HP: 64/81 MP: 8/8
  8975 | D:7      | Slain by an orc warrior

Illustrated notes

Levels and vault maps discovered:
D:1:      dpeg_arrival_lava_temple_mockup, layout_loops_ring,
          hellmonk_ecumenical_altar_defaced_shrine
D:2:      minmay_general_purpose_star, layout_rooms
D:3:      layout_rooms, serial_rivers, chequers_serial_rivers_micro_c,
          chequers_serial_rivers_small_b, chequers_serial_rivers_large_a,
          chequers_serial_rivers_small_b, chequers_serial_rivers_room_b,
          chequers_serial_rivers_micro_a, serial_shops, shop, uniq_robin
D:4:      layout_gridville, lemuel_doored_altar, minmay_temple_entry_ruins
D:5:      gammafunk_wand_slinger, layout_basic, nicolae_uskayaw_en_pointe,
          uniq_blork_the_orc
D:6:      minmay_opposing_rooms, layout_basic, nicolae_overflow_hidden_temple,
          gammafunk_temple_overflow_statue
D:7:      layout_layer_cave, amcnicky_altar_gilded, enter_bailey_1
D:8:      layout_loops_ring, mainiacjoe_overflow_alcove_2, lair_entry_dummy

Skill      XL: |  1  2  3  4  5  6  7  8  9 |
---------------+----------------------------+-----
Stealth        | 2 3 4 5 6 |  6.0
Fighting       | 4 5 6 7 8 |  8.5
Axes           | 4 5 6 7 8 |  8.5
Dodging        | 4 5 6 7 |  7.8

Action                   |  1- 3 |  4- 6 |  7- 9 || total
-------------------------+-------+-------+-------++-------
Melee: Broad axe         |    55 |    94 |   182 ||   331
       Hand axe          |     4 |       |       ||     4
       Punch             |     1 |     1 |     4 ||     6
       Headbutt          |     8 |    16 |    35 ||    59
Invok: Stomp             |       |     6 |     4 ||    10
  Use: Potion            |       |       |     5 ||     5
       Scroll            |       |       |     1 ||     1
 Stab: Paralysed         |     1 |     1 |    11 ||    13
Armor: Chain mail        |    41 |    59 |   119 ||   219
Dodge: Dodged            |    19 |    61 |   116 ||   196

Table legend: (Time is in decaauts)
 A = Elapsed time spent in this place.
 B = Non-inter-level travel time spent in this place.
 C = Inter-level travel time spent in this place.
 D = Time resting spent in this place.
 E = Time spent auto-exploring this place.
 F = Levels seen in this place.
 G = Mean time per level.
                   A        B        C        D        E       F      G
               +--------+--------+--------+--------+--------+-----+--------+
         Total |   9097 |   8816 |    281 |   2217 |   5441 |   8 | 1137.1 |
       Dungeon |   9097 |   8816 |    281 |   2217 |   5441 |   8 | 1137.1 |
               +--------+--------+--------+--------+--------+-----+--------+

Top non-repeatable levels by time:
     D:7: 2214 daAuts
     D:5: 1898 daAuts
     D:6: 1607 daAuts
     D:1: 909 daAuts
     D:3: 901 daAuts
     D:4: 800 daAuts
     D:2: 649 daAuts
     D:8: 117 daAuts
